 Dungeon Crawl Stone Soup version 0.26-a0-690-gcb57259078 (webtiles) character file.

Game seed: 14380413126003864814

355 ArthosElwyn the Slasher (level 6, -9/47 HPs)
             Began as a Human Fighter on Oct 25, 2020.
             Killed by nerve-wracking pain
             ... invoked by an orc priest
              (13 damage)
             ... on level 4 of the Dungeon.
             The game lasted 00:09:46 (5085 turns).

ArthosElwyn the Slasher (Human Fighter)             Turns: 5085, Time: 00:09:47

Health: -9/47      AC: 13    Str: 18    XL:     6   Next: 95%
Magic:  6/6        EV:  5    Int:  8    God:
Gold:   297        SH:  0    Dex: 13    Spells: 5/5 levels left

rFire    . . .     SeeInvis .   b - +0 falchion
rCold    . . .     Faith    .   (no shield)
rNeg     . . .     Spirit   .   i - +0 plate armour
rPois    .         Reflect  .   (no helmet)
rElec    .         Harm     .   (no cloak)
rCorr    .         Rampage  .   r - +0 pair of gloves
MR       .....                  (no boots)
Stlth    ..........             n - amulet of the acrobat
HPRegen  0.15/turn              l - ring of stealth
MPRegen  0.10/turn              (no ring)

@: no status effects
A: no striking features
a: no special abilities


You were on level 4 of the Dungeon.
You visited 1 branch of the dungeon, and saw 5 of its levels.

You collected 297 gold pieces.

Inventory:

Hand Weapons
 a - a +1 long sword
 b - a +0 falchion (weapon)
 v - a +0 trident of venom
Missiles
 o - 29 poisoned darts (quivered)
Armour
 c - a +0 kite shield
 i - a +0 plate armour (worn)
 r - a +0 pair of gloves (worn)
 s - a +0 buckler
Jewellery
 l - a ring of stealth (left hand)
 n - an amulet of the acrobat (around neck)
 t - a +6 ring of dexterity {unknown}
Scrolls
 f - 2 scrolls of remove curse
Potions
 d - a potion of invisibility {unknown}
 j - a potion of flight
 k - a potion of curing


   Skills:
 - Level 3.0 Fighting
 * Level 5.9 Long Blades
 + Level 4.1 Armour
 * Level 3.5 Shields


You had 5 spell levels left.
You didn't know any spells.
Your spell library was empty.

Dungeon Overview and Level Annotations

Branches:
Dungeon (5/15)
 Temple: D:4-7

Altars:
Cheibriados
Ru
Vehumet


Message History

The orc priest is almost dead.
The orc hits you but does no damage. The orc hits you with a +0 war axe.
* * * LOW HITPOINT WARNING * * *
The orc priest hits you with a +0 war axe.
* * * LOW HITPOINT WARNING * * *
The gnoll shouts!
You hit the orc priest but do no damage.
The orc priest is almost dead.
The orc hits you but does no damage. x2
The orc priest hits you but does no damage.
You hit the orc priest but do no damage.
The orc priest is almost dead.
The orc hits you with a +0 war axe.
* * * LOW HITPOINT WARNING * * *
The orc hits you but does no damage.
You hit the orc priest but do no damage.
The orc priest is almost dead.
The orc priest invokes the aid of Beogh against you.
Pain shoots through your body!
You die...

########### #.........#
####.........###################
............gggo@o...(...>.....#
...#.........####o############.#
##...........# #.# ##..........#
#.# #..........# #.#
##.........# #.# #.........#
#.#...ooo. .........#
#.#........ #.#.o...o..o


You could see an orc priest, 3 gnolls and 2 orcs.

Vanquished Creatures
  A hound (D:2)
  2 orc priests (D:3)
  Jessica (D:3)
  An orc wizard (D:3)
  A worker ant (D:5)
  6 adders
  4 gnolls (D:3)
  A worm (D:3)
  A dart slug (D:2)
  A leopard gecko (D:3)
  14 orcs
  12 bats
  6 giant cockroaches
  6 goblins
  6 hobgoblins
  6 jackals
  5 kobolds
  3 quokkas
  3 frilled lizards (D:3)
  7 rats
87 creatures vanquished.

Vanquished Creatures (others)
  A goblin (D:3)
  4 plants (D:2)
5 creatures vanquished.

Grand Total: 92 creatures vanquished

Notes
Turn   | Place    | Note
-------+----------+-------------------------------------------
     0 | D:1      | ArthosElwyn the Human Fighter began the quest for the Orb.
     0 | D:1      | Reached XP level 1. HP: 18/18 MP: 1/1
   324 | D:1      | Reached XP level 2. HP: 24/24 MP: 2/2
   467 | D:1      | Found a snail-covered altar of Cheibriados.
  1384 | D:2      | Reached XP level 3. HP: 29/29 MP: 3/3
  1445 | D:2      | Reached skill level 3 in Long Blades
  1445 | D:2      | Reached XP level 4. HP: 23/35 MP: 4/4
  2769 | D:3      | Reached skill level 4 in Long Blades
  2769 | D:3      | Reached XP level 5. HP: 28/41 MP: 5/5
  3361 | D:3      | Noticed Jessica
  3365 | D:3      | Killed Jessica
  3553 | D:3      | Reached XP level 6. HP: 41/47 MP: 6/6
  3555 | D:3      | Reached skill level 5 in Long Blades
  3709 | D:3      | Found a radiant altar of Vehumet.
  4196 | D:3      | Found a sacrificial altar of Ru.
  4649 | D:5      | Entered Level 5 of the Dungeon
  5085 | D:4      | Killed from afar by an orc priest

Illustrated notes

Levels and vault maps discovered:
D:1:      dpeg_arrival_tiny_h, layout_loops_corners, cheibriados_altar_1
D:2:      cheibrodos_old_hovel, layout_loops_corners, minmay_vboxes
D:3:      layout_loops_ring, fiery_altar_vehumet,
          nicolae_ru_the_path_less_chosen, uniq_jessica
D:4:      layout_basic, lemuel_round_altar, portal_sewer_entry_b, uniq_pikel
D:5:      layout_basic, uniq_prince_ribbit1

Skill      XL: |  1  2  3  4  5  6 |
---------------+-------------------+-----
Long Blades    | 3 4 5 |  5.9
Armour         | 4 |  4.1
Fighting       | |  3.0
Shields        | |  3.5

Action                   |  1- 3 |  4- 6 || total
-------------------------+-------+-------++-------
Melee: Long sword        |    52 |   157 ||   209
       Falchion          |       |    83 ||    83
  Use: Scroll            |       |    10 ||    10
       Potion            |       |     4 ||     4
Armor: Scale mail        |    33 |    13 ||    46
       Plate armour      |       |   164 ||   164
Dodge: Dodged            |    47 |   124 ||   171
       Rpst.: Long sword |    11 |    19 ||    30
       Falchion          |       |    23 ||    23

Table legend: (Time is in decaauts)
 A = Elapsed time spent in this place.
 B = Non-inter-level travel time spent in this place.
 C = Inter-level travel time spent in this place.
 D = Time resting spent in this place.
 E = Time spent auto-exploring this place.
 F = Levels seen in this place.
 G = Mean time per level.
                   A        B        C        D        E       F      G
               +--------+--------+--------+--------+--------+-----+--------+
         Total |   5140 |   4788 |    352 |   1040 |   2825 |   5 | 1028.0 |
       Dungeon |   5140 |   4788 |    352 |   1040 |   2825 |   5 | 1028.0 |
               +--------+--------+--------+--------+--------+-----+--------+

Top non-repeatable levels by time:
     D:2: 1907 daAuts
     D:3: 1459 daAuts
     D:1: 1170 daAuts
     D:5: 400 daAuts
     D:4: 202 daAuts
